| TOP OF THE 1ST |
|
Trois-Riveres Aigles batting - Pitching for Canton Indians : LHP Eduardo Alvarez
|
|
Pitching: LHP Eduardo Alvarez
|
|
|
Batting: RHB Wan-ling Zhu
|
0-0: Called Strike 0-1: Ball 1-1: SOLO HOME RUN (Flyball, 78XD, EV 107.5 MPH), Distance : 427 ft
|
|
Batting: RHB Alex Koral
|
0-0: Called Strike 0-1: Called Strike 0-2: Fly out, F7 (Flyball, 7LM, EV 78.1 MPH)
|
|
Batting: RHB Jason Penfield
|
0-0: Called Strike 0-1: Called Strike 0-2: Ball 1-2: Strikes out swinging
|
|
Batting: RHB Kyler Seitz
|
0-0: Ball 1-0: Called Strike 1-1: SOLO HOME RUN (Flyball, 7D, EV 110.0 MPH), Distance : 412 ft
|
|
Batting: SHB Luis Verduzco
|
0-0: Called Strike 0-1: Ball 1-1: Ball 2-1: SINGLE (Flyball, 89S, EV 92.5 MPH)
|
|
Batting: SHB Omar Cervantes
|
0-0: Ball 1-0: Foul Ball, location: 2F 1-1: Swinging Strike 1-2: Ball 2-2: Foul Ball, location: 2F 2-2: Foul Ball, location: 2F 2-2: Ball 3-2: Foul Ball, location: 2F 3-2: Ground out 4-3 (Groundball, 34, EV 100.0 MPH)
|
| Top of the 1st over - 2 runs, 3 hits, 0 errors, 1 left on base; Trois-Riveres 2 - Canton 0 |
| BOTTOM OF THE 1ST |
|
Canton Indians batting - Pitching for Trois-Riveres Aigles : RHP Vince Martinez
|
|
Pitching: RHP Vince Martinez
|
|
|
Batting: RHB George Wagner
|
0-0: Ball 1-0: Fly out, F9 (Line Drive, 9S, EV 100.6 MPH)
|
|
Batting: RHB Josh Patterson
|
0-0: Fly out, F8 (Flyball, 89M, EV 85.6 MPH)
|
|
Batting: RHB Jose Rodriguez
|
0-0: Swinging Strike 0-1: Ground out 4-3 (Groundball, 4, EV 88.1 MPH)
|
| Bottom of the 1st over - 0 runs, 0 hits, 0 errors, 0 left on base; Trois-Riveres 2 - Canton 0 |
| TOP OF THE 2ND |
|
Trois-Riveres Aigles batting - Pitching for Canton Indians : LHP Eduardo Alvarez
|
|
Batting: RHB Tim Dower
|
0-0: Ball 1-0: Called Strike 1-1: Ball 2-1: Swinging Strike 2-2: Foul Ball, location: 2F 2-2: Ball 3-2: Foul Ball, location: 2F 3-2: Fly out, F4 (Popup, 4S, EV 64.4 MPH)
|
|
Batting: RHB Willie Acevedo
|
0-0: Called Strike 0-1: Reached on error, E6 (Groundball, 4MS, EV 86.2 MPH)
|
|
Batting: RHB Sandoval Serzedelo
|
0-0: Fly out, F8 (Flyball, 8RD, EV 105.6 MPH)
|
|
Batting: RHB Wan-ling Zhu
|
0-0: Ball 1-0: Called Strike 1-1: Ball 2-1: Swinging Strike 2-2: Foul Ball, location: 2F 2-2: Ball 3-2: Strikes out swinging
|
| Top of the 2nd over - 0 runs, 0 hits, 1 error, 1 left on base; Trois-Riveres 2 - Canton 0 |
| BOTTOM OF THE 2ND |
|
Canton Indians batting - Pitching for Trois-Riveres Aigles : RHP Vince Martinez
|
|
Batting: RHB Gary Ming
|
0-0: Swinging Strike 0-1: Ball 1-1: Ball 2-1: Ball 3-1: Ground out 6-3 (Groundball, 6M, EV 103.1 MPH)
|
|
Batting: RHB Charles Blatchford
|
0-0: Ball 1-0: SINGLE (Flyball, 56D, EV 91.2 MPH)
|
|
Batting: RHB Tacito Carreiro
|
0-0: Ball 1-0: Ball 2-0: Foul Ball, location: 2F 2-1: Foul Ball, location: 2F 2-2: SINGLE (Flyball, 5D, EV 91.2 MPH) Charles Blatchford to second
|
|
Batting: RHB Quan Tai
|
0-0: Ball 1-0: Swinging Strike 1-1: Foul Ball, location: 2F 1-2: Foul Ball, location: 2F 1-2: Ball 2-2: Ball 3-2: Fly out, F8 (Line Drive, 8LS, EV 90.6 MPH)
|
|
Batting: LHB Dorian Oram
|
0-0: Called Strike 0-1: Ball 1-1: Ball 2-1: Foul Ball, location: 2F 2-2: SINGLE (Groundball, 34D, EV 95.6 MPH) Charles Blatchford to third Tacito Carreiro to second Runner from 3rd tries for Home, throw by RF and OUT! 9-2
|
| Bottom of the 2nd over - 0 runs, 3 hits, 0 errors, 2 left on base; Trois-Riveres 2 - Canton 0 |
| TOP OF THE 3RD |
|
Trois-Riveres Aigles batting - Pitching for Canton Indians : LHP Eduardo Alvarez
|
|
Batting: RHB Alex Koral
|
0-0: Swinging Strike 0-1: Foul Ball, location: 2F 0-2: Foul Ball, location: 2F 0-2: Ball 1-2: Ball 2-2: Ball 3-2: Base on Balls
|
|
Batting: RHB Jason Penfield
|
0-0: Ball 1-0: Called Strike 1-1: Ball 2-1: Ball 3-1: Foul Ball, location: 2F 3-2: Fly out, F8 (Flyball, 8LXD, EV 80.0 MPH)
|
|
Batting: RHB Kyler Seitz
|
0-0: Ball 1-0: Foul Ball, location: 2F 1-1: SINGLE (Flyball, 89S, EV 87.5 MPH) Alex Koral to second Runner from 2nd tries for 3rd, SAFE, throw by RF made to third
|
|
Batting: SHB Luis Verduzco
|
0-0: Called Strike 0-1: Foul Ball, location: 2F 0-2: 3-RUN HOME RUN (Flyball, 7D, EV 94.4 MPH), Distance : 380 ft
|
|
Pitching: RHP Joe Babich
|
|
|
Batting: SHB Omar Cervantes
|
0-0: Ball 1-0: Swinging Strike 1-1: Called Strike 1-2: Ball 2-2: Strikes out swinging
|
|
Batting: RHB Tim Dower
|
0-0: Ball 1-0: Ball 2-0: Ball 3-0: Called Strike 3-1: Foul Ball, location: 2F 3-2: Base on Balls
|
|
Batting: RHB Willie Acevedo
|
0-0: Called Strike 0-1: Ground out 5-3 (Groundball, 56S, EV 73.1 MPH)
|
| Top of the 3rd over - 3 runs, 2 hits, 0 errors, 1 left on base; Trois-Riveres 5 - Canton 0 |
| BOTTOM OF THE 3RD |
|
Canton Indians batting - Pitching for Trois-Riveres Aigles : RHP Vince Martinez
|
|
Batting: RHB Aubrey Regimbald
|
0-0: Foul Ball, location: 2F 0-1: Ball 1-1: Ground out 6-3 (Groundball, 4MS, EV 74.4 MPH)
|
|
Batting: RHB George Wagner
|
0-0: Foul Ball, location: 2F 0-1: Called Strike 0-2: DOUBLE (Line Drive, 89D, EV 101.2 MPH)
|
|
Batting: RHB Josh Patterson
|
0-0: Ball 1-0: Ball 2-0: Called Strike 2-1: Swinging Strike 2-2: Foul Ball, location: 2F 2-2: Ball 3-2: Fly out, F7 (Flyball, 7LM, EV 93.1 MPH)
|
|
Batting: RHB Jose Rodriguez
|
0-0: Ball 1-0: Fly out, F9 (Flyball, 89M, EV 85.6 MPH)
|
| Bottom of the 3rd over - 0 runs, 1 hit, 0 errors, 1 left on base; Trois-Riveres 5 - Canton 0 |
| TOP OF THE 4TH |
|
Trois-Riveres Aigles batting - Pitching for Canton Indians : RHP Joe Babich
|
|
Batting: RHB Sandoval Serzedelo
|
0-0: Called Strike 0-1: Swinging Strike 0-2: Foul Ball, location: 2F 0-2: Foul Ball, location: 2F 0-2: Foul Ball, location: 2F 0-2: Foul Ball, location: 2F 0-2: Ball 1-2: Ball 2-2: Strikes out swinging
|
|
Batting: RHB Wan-ling Zhu
|
0-0: Ball 1-0: Ball 2-0: Ball 3-0: Called Strike 3-1: Called Strike 3-2: SINGLE (Popup, 5D, EV 50.0 MPH)
|
|
Batting: RHB Alex Koral
|
0-0: Foul Ball, location: 2F 0-1: Ball 1-1: Fielders Choice at 2nd, 4-6 (Groundball, 4, EV 91.9 MPH)
|
|
Batting: RHB Jason Penfield
|
0-0: Foul Ball, location: 2F 0-1: Ball 1-1: Hit by Pitch Alex Koral to second
|
|
Batting: RHB Kyler Seitz
|
0-0: Ball 1-0: Ball 2-0: Called Strike 2-1: Ball 3-1: 3-RUN HOME RUN (Flyball, 7D, EV 95.6 MPH), Distance : 389 ft
|
|
Batting: SHB Luis Verduzco
|
0-0: Called Strike 0-1: Ball 1-1: SINGLE (Groundball, 25, EV 75.0 MPH) (infield hit)
|
|
Batting: SHB Omar Cervantes
|
0-0: Ball 1-0: Ball 2-0: SINGLE (Groundball, 34, EV 100.0 MPH) Luis Verduzco to second Runner from 2nd tries for 3rd, SAFE, throw by RF made to third
|
|
Batting: RHB Tim Dower
|
0-0: Ball 1-0: Swinging Strike 1-1: Foul Ball, location: 2F 1-2: Strikes out swinging
|
| Top of the 4th over - 3 runs, 4 hits, 0 errors, 2 left on base; Trois-Riveres 8 - Canton 0 |
| BOTTOM OF THE 4TH |
|
Canton Indians batting - Pitching for Trois-Riveres Aigles : RHP Vince Martinez
|
|
Batting: RHB Gary Ming
|
0-0: Ball 1-0: Ball 2-0: Ball 3-0: Base on Balls
|
|
Batting: RHB Charles Blatchford
|
0-0: Called Strike 0-1: Ball 1-1: Foul Ball, location: 2F 1-2: SINGLE (Line Drive, 8LS, EV 99.4 MPH) Gary Ming to second Runner from 2nd tries for 3rd, SAFE, throw by CF made to third
|
|
Batting: RHB Tacito Carreiro
|
0-0: Called Strike 0-1: Ball 1-1: SINGLE (Flyball, 8LS, EV 98.1 MPH) Gary Ming scores Charles Blatchford to second
|
|
Batting: RHB Quan Tai
|
0-0: Fly out, F9 (Flyball, 9, EV 89.4 MPH)
|
|
Batting: LHB Dorian Oram
|
0-0: Foul Ball, location: 2F 0-1: Ball 1-1: DOUBLE (Line Drive, 7LM, EV 106.2 MPH) Charles Blatchford scores Tacito Carreiro to third
|
|
Batting: RHB Aubrey Regimbald
|
0-0: Called Strike 0-1: Ball 1-1: Ball 2-1: Swinging Strike 2-2: Strikes out looking
|
|
Batting: RHB George Wagner
|
0-0: Swinging Strike 0-1: Ball 1-1: Ball 2-1: Foul Ball, location: 2F 2-2: Strikes out swinging
|
| Bottom of the 4th over - 2 runs, 3 hits, 0 errors, 2 left on base; Trois-Riveres 8 - Canton 2 |
| TOP OF THE 5TH |
|
Trois-Riveres Aigles batting - Pitching for Canton Indians : RHP Joe Babich
|
|
Batting: RHB Willie Acevedo
|
0-0: Ball 1-0: Ball 2-0: Called Strike 2-1: Swinging Strike 2-2: Strikes out swinging
|
|
Batting: RHB Sandoval Serzedelo
|
0-0: Ball 1-0: Ball 2-0: SOLO HOME RUN (Line Drive, 89XD, EV 105.0 MPH), Distance : 427 ft
|
|
Batting: RHB Wan-ling Zhu
|
0-0: Called Strike 0-1: Ball 1-1: Ball 2-1: Foul Ball, location: 2F 2-2: DOUBLE (Line Drive, 78D, EV 114.4 MPH)
|
|
Pitching: RHP Andrew Telles
|
|
|
Batting: RHB Alex Koral
|
0-0: Ball 1-0: Called Strike 1-1: Ball 2-1: Foul Ball, location: 2F 2-2: Ball 3-2: Fly out, F7 (Flyball, 7LSF, EV 92.5 MPH)
|
|
Batting: RHB Jason Penfield
|
0-0: Ball 1-0: Ball 2-0: Fly out, F7 (Flyball, 7, EV 93.8 MPH)
|
| Top of the 5th over - 1 run, 2 hits, 0 errors, 1 left on base; Trois-Riveres 9 - Canton 2 |
| BOTTOM OF THE 5TH |
|
Canton Indians batting - Pitching for Trois-Riveres Aigles : RHP Vince Martinez
|
|
Batting: RHB Josh Patterson
|
0-0: Called Strike 0-1: Foul Ball, location: 2F 0-2: Fly out, F7 (Flyball, 7, EV 87.5 MPH)
|
|
Batting: RHB Jose Rodriguez
|
0-0: Ball 1-0: Ball 2-0: Called Strike 2-1: Foul Ball, location: 2F 2-2: Ball 3-2: Ground out 6-3 (Groundball, 6, EV 90.6 MPH)
|
|
Batting: RHB Gary Ming
|
0-0: Foul Ball, location: 2F 0-1: Called Strike 0-2: Foul Ball, location: 2F 0-2: Ball 1-2: SOLO HOME RUN (Flyball, 7D, EV 96.2 MPH), Distance : 387 ft
|
|
Batting: RHB Charles Blatchford
|
0-0: Foul Ball, location: 2F 0-1: Ground out 5-3 (Groundball, 56S, EV 66.2 MPH)
|
| Bottom of the 5th over - 1 run, 1 hit, 0 errors, 0 left on base; Trois-Riveres 9 - Canton 3 |
| TOP OF THE 6TH |
|
Trois-Riveres Aigles batting - Pitching for Canton Indians : RHP Andrew Telles
|
|
Batting: RHB Kyler Seitz
|
0-0: Ball 1-0: Ball 2-0: Fly out, F8 (Line Drive, 8LM, EV 98.8 MPH)
|
|
Batting: SHB Luis Verduzco
|
0-0: Foul Ball, location: 2F 0-1: Foul Ball, location: 2F 0-2: Ball 1-2: Ground out 6-3 (Groundball, 56, EV 101.2 MPH)
|
|
Batting: SHB Omar Cervantes
|
0-0: Foul Ball, location: 2F 0-1: Ball 1-1: Swinging Strike 1-2: Ball 2-2: DOUBLE (Flyball, 89D, EV 102.5 MPH)
|
|
Batting: RHB Tim Dower
|
0-0: Called Strike 0-1: Foul Ball, location: 2F 0-2: Ball 1-2: Ball 2-2: Foul Ball, location: 2F 2-2: 2-RUN HOME RUN (Flyball, 7LD, EV 93.8 MPH), Distance : 352 ft
|
|
Batting: RHB Willie Acevedo
|
0-0: Ball 1-0: Fly out, F8 (Flyball, 8LM, EV 80.0 MPH)
|
| Top of the 6th over - 2 runs, 2 hits, 0 errors, 0 left on base; Trois-Riveres 11 - Canton 3 |
| BOTTOM OF THE 6TH |
|
Canton Indians batting - Pitching for Trois-Riveres Aigles : RHP Vince Martinez
|
|
Batting: RHB Tacito Carreiro
|
0-0: Ball 1-0: Ball 2-0: Foul Ball, location: 2F 2-1: Foul Ball, location: 2F 2-2: Ball 3-2: Foul Ball, location: 2F 3-2: Base on Balls
|
|
Batting: RHB Quan Tai
|
0-0: Swinging Strike 0-1: SINGLE (Groundball, 13S, EV 71.9 MPH) (infield hit) Tacito Carreiro to second
|
|
Batting: LHB Dorian Oram
|
0-0: Called Strike 0-1: Foul Ball, location: 2F 0-2: Foul Ball, location: 2F 0-2: Ball 1-2: Ball 2-2: Foul Ball, location: 2F 2-2: Foul Ball, location: 2F 2-2: Hit by Pitch Tacito Carreiro to third Quan Tai to second
|
|
Batting: RHB Aubrey Regimbald
|
0-0: Foul Ball, location: 2F 0-1: Ball 1-1: Ball 2-1: Grounds into double play, 4-6-3 (Groundball, 4, EV 108.8 MPH) Tacito Carreiro scores Quan Tai to third
|
|
Batting: RHB George Wagner
|
0-0: Called Strike 0-1: Called Strike 0-2: Ball 1-2: Strikes out swinging
|
| Bottom of the 6th over - 1 run, 1 hit, 0 errors, 1 left on base; Trois-Riveres 11 - Canton 4 |
| TOP OF THE 7TH |
|
Trois-Riveres Aigles batting - Pitching for Canton Indians : RHP Andrew Telles
|
|
Batting: RHB Sandoval Serzedelo
|
0-0: Ball 1-0: Ball 2-0: Swinging Strike 2-1: Ground out 4-3 (Groundball, 4, EV 106.2 MPH)
|
|
Batting: RHB Wan-ling Zhu
|
0-0: Ball 1-0: Swinging Strike 1-1: Called Strike 1-2: Strikes out swinging
|
|
Batting: RHB Alex Koral
|
0-0: Ball 1-0: Foul Ball, location: 2F 1-1: Foul Ball, location: 2F 1-2: Foul Ball, location: 2F 1-2: Foul Ball, location: 2F 1-2: Strikes out swinging
|
| Top of the 7th over - 0 runs, 0 hits, 0 errors, 0 left on base; Trois-Riveres 11 - Canton 4 |
| BOTTOM OF THE 7TH |
|
Canton Indians batting - Pitching for Trois-Riveres Aigles : RHP Vince Martinez
|
|
Batting: RHB Josh Patterson
|
0-0: Ball 1-0: Ground out U3 (Groundball, 13, EV 81.2 MPH)
|
|
Batting: RHB Jose Rodriguez
|
0-0: Called Strike 0-1: Ball 1-1: Ball 2-1: Fly out, F7 (Flyball, 78M, EV 93.1 MPH)
|
|
Batting: RHB Gary Ming
|
0-0: Called Strike 0-1: Ball 1-1: Swinging Strike 1-2: Ball 2-2: SINGLE (Groundball, 56D, EV 105.6 MPH)
|
|
Pitching: RHP Josh O'Neal
|
|
|
Batting: RHB Charles Blatchford
|
0-0: Called Strike 0-1: SINGLE (Flyball, 8RS, EV 95.0 MPH) Gary Ming to second
|
|
Batting: RHB Tacito Carreiro
|
0-0: Ball 1-0: Fly out, F8 (Flyball, 8LM, EV 76.9 MPH)
|
| Bottom of the 7th over - 0 runs, 2 hits, 0 errors, 2 left on base; Trois-Riveres 11 - Canton 4 |
| TOP OF THE 8TH |
|
Trois-Riveres Aigles batting - Pitching for Canton Indians : RHP Andrew Telles
|
|
Batting: RHB Jason Penfield
|
0-0: Called Strike 0-1: Swinging Strike 0-2: SINGLE (Groundball, 6MD, EV 105.0 MPH)
|
|
Batting: RHB Kyler Seitz
|
0-0: Called Strike 0-1: Ball 1-1: Foul Ball, location: 2F 1-2: Ball 2-2: Ball 3-2: Foul Ball, location: 2F 3-2: Strikes out swinging
|
|
Pitching: RHP Ricardo Torres
|
|
|
Pinch Hitting: LHB Sean Boenig
|
0-0: Foul Ball, location: 2F 0-1: Ball 1-1: Foul Ball, location: 2F 1-2: Strikes out swinging
|
|
Batting: SHB Omar Cervantes
|
0-0: Ball 1-0: Ball 2-0: Ball 3-0: Called Strike 3-1: Foul Ball, location: 2F 3-2: Strikes out looking
|
| Top of the 8th over - 0 runs, 1 hit, 0 errors, 1 left on base; Trois-Riveres 11 - Canton 4 |
| BOTTOM OF THE 8TH |
|
Canton Indians batting - Pitching for Trois-Riveres Aigles : RHP Josh O'Neal
|
|
Now in RF: Sean Boenig
|
|
|
Batting: RHB Quan Tai
|
0-0: Ball 1-0: SOLO HOME RUN (Flyball, 7D, EV 96.9 MPH), Distance : 378 ft
|
|
Batting: LHB Dorian Oram
|
0-0: Foul Ball, location: 2F 0-1: Ball 1-1: Ball 2-1: Ball 3-1: Base on Balls
|
|
Pinch Hitting: RHB Cruz Castro
|
0-0: Ball 1-0: Ball 2-0: Ball 3-0: Called Strike 3-1: SINGLE (Groundball, 3S, EV 73.1 MPH) (infield hit) Dorian Oram to second
|
|
Batting: RHB George Wagner
|
0-0: Ball 1-0: Ball 2-0: Called Strike 2-1: Ball 3-1: Foul Ball, location: 2F 3-2: Base on Balls Dorian Oram to third Cruz Castro to second
|
|
Batting: RHB Josh Patterson
|
0-0: Called Strike 0-1: Swinging Strike 0-2: Grounds into double play, 5-4-3 (Groundball, 56S, EV 81.2 MPH) Dorian Oram scores Cruz Castro to third
|
|
Batting: RHB Jose Rodriguez
|
0-0: Fly out, F8 (Line Drive, 89D, EV 93.8 MPH)
|
| Bottom of the 8th over - 2 runs, 2 hits, 0 errors, 1 left on base; Trois-Riveres 11 - Canton 6 |
| TOP OF THE 9TH |
|
Trois-Riveres Aigles batting - Pitching for Canton Indians : RHP Ricardo Torres
|
|
Now in RF: Juan Ordonez
|
|
|
Pinch Hitting: LHB Ian Cranton
|
0-0: Called Strike 0-1: Ball 1-1: Called Strike 1-2: Foul Ball, location: 2F 1-2: Ball 2-2: TRIPLE (Flyball, 78XD, EV 103.1 MPH)
|
|
Batting: RHB Willie Acevedo
|
0-0: Swinging Strike 0-1: Called Strike 0-2: Ball 1-2: Strikes out swinging
|
|
Batting: RHB Sandoval Serzedelo
|
0-0: Ball 1-0: SINGLE (Flyball, 56D, EV 85.0 MPH) Ian Cranton scores
|
|
Batting: RHB Wan-ling Zhu
|
Pickoff Throw to First - Out! 1-3 0-0: Called Strike 0-1: Foul Ball, location: 2F 0-2: Ball 1-2: Fly out, F8 (Flyball, 8RS, EV 96.9 MPH)
|
| Top of the 9th over - 1 run, 2 hits, 0 errors, 0 left on base; Trois-Riveres 12 - Canton 6 |
| BOTTOM OF THE 9TH |
|
Canton Indians batting - Pitching for Trois-Riveres Aigles : RHP Josh O'Neal
|
|
Now in CF: Sean Boenig
|
|
|
Now in RF: Gilbert Hoareau
|
|
|
Batting: RHB Gary Ming
|
0-0: Ball 1-0: SOLO HOME RUN (Flyball, 89XD, EV 115.6 MPH), Distance : 431 ft
|
|
Pitching: RHP Cortez Cruz
|
|
|
Batting: RHB Charles Blatchford
|
0-0: Called Strike 0-1: Ground out 1-3 (Groundball, 15S, EV 70.0 MPH)
|
|
Batting: RHB Tacito Carreiro
|
0-0: Ball 1-0: Ball 2-0: Swinging Strike 2-1: Called Strike 2-2: Strikes out swinging
|
|
Batting: RHB Quan Tai
|
0-0: Swinging Strike 0-1: Ball 1-1: Foul Ball, location: 2F 1-2: Strikes out swinging
|
| Bottom of the 9th over - 1 run, 1 hit, 0 errors, 0 left on base; Trois-Riveres 12 - Canton 7 |
|